noty, neutral male gnomish Healer --- ---- ------- --- |.| |.. .....|----------- -|.-- |.| |.. ....|%%?|...%..| .|..| ---- |.| +..- ...|/*%|......| ..|..| |..-- |.| |..| -----..|...|..|.|.-.|--..| |...| |.-----..| |((.|..--|--.|-.........-| |...| --|.. .....| |((.-.....Z........----..| |.|.| --- --.|.. ....|---- |.(.|......--+-...|...|..| |.|.- -..--....- -...|(((|+.-----..{...| |...-...|..| |.|..| ........| +...|(((|................|.......%..|* |.|..| ......| |...|...|-+.......--|.--..---....-.-.-* |.|--- -.....----...--|-|k..@@-|.....................--.. # |.| |.......|........|..|....Z..---.....-.-.----.....-.--- |.| |.<.....|..#......---..|..|%%.-....|......||.........| ..| |-......|-....{........|..|!%.|....-...._.||.........-- |.--- |.......--..|....#........-----....|......||........... |...-- |...........|-.....................|-.-----..>.-......----....| --..|..-------------------.....----- |.......................-- ------- -----. --......-------------...| -- -..|.--- ----- ----- noty the Empiric Experience level: 4 Strength: 11 Dexterity: 9 Constitution: 14 Intelligence: 9 Wisdom: 18 Charisma: 16 Health: 0(41) Energy: 38(38) Def: 5 Gold: 581 Moves: 2042 Dungeon seed: GGWTroWk1tWonpGD Game ID: noty_1468195155 Your Inventory: Coins $ - 581 gold pieces Weapons a - a +0 scalpel u - a +0 elven dagger (weapon in hand) Armor e - an uncursed +1 pair of leather gloves (being worn) Comestibles j - 4 uncursed apples s - an uncursed slime mold w - 9 blessed eucalyptus leaves Scrolls p - an uncursed scroll of identify q - an uncursed scroll of teleportation x - an uncursed scroll of confuse monster Spellbooks g - a blessed spellbook of healing h - a blessed spellbook of extra healing i - a blessed spellbook of stone to flesh Potions r - an uncursed potion of sleeping t - an uncursed potion of hallucination Wands f - a wand of sleep (0:6) Tools b - an uncursed stethoscope k - an uncursed skeleton key l - an uncursed oil lamp (0:1086) z - a magic flute (0:5) Gems n - an uncursed flint stone Spells and supernatural/magical abilities: Name Level Category Fail Memory h - healing 1 healing 0% 90% x - extra healing 3 healing 0% 90% S - stone to flesh 3 healing 0% 90% W - pray for help -- divine ? -- Your skills at the end: Fighting Skills wands [Basic] Weapon Skills dagger [Basic] knife [Basic] Spellcasting Skills healing spells [Basic] Final Attributes: You were piously aligned. You were poison resistant. You had infravision. You were protected. You are dead. Vanquished creatures: a bugbear an elf zombie a little dog a kitten a dwarf zombie 2 hobbits a hobgoblin 4 giant rats a gnome 3 geckos 9 jackals 2 foxes 2 kobolds 2 goblins 2 sewer rats a bat a lichen a kobold zombie 3 newts 39 creatures vanquished. Voluntary challenges: You used a wielded weapon 96 times, starting on turn 25. You read items or engraved 150 times, starting on turn 1166. You never genocided any monsters. You never polymorphed an object. You never changed form. You used no wishes. You never split a pudding. You wrote Elbereth's name 146 times, starting on turn 1167. You never violated your personal moral code. Dungeon overview: The Dungeons of Doom: levels 1 to 4 Level 1 a fountain a long staircase Level 2 a fountain Level 3 Level 4 some fountains stairs to The Gnomish Mines The Gnomish Mines: levels 5 to 8 Level 5 stairs to The Dungeons of Doom Level 6 Level 7 <- You were here many shops, a temple to Poseidon, some fountains, some trees Level 8 History has recorded: On T:1 you entered the Dungeons of Doom to retrieve the Amulet of Yendor! On T:195 you reached level 2 of The Dungeons of Doom. On T:453 you reached level 3 of The Dungeons of Doom. On T:830 you reached level 4 of The Dungeons of Doom. On T:1102 you advanced to experience level 2. On T:1144 you reached level 1 of The Gnomish Mines. On T:1338 you advanced to experience level 3. On T:1346 you reached level 2 of The Gnomish Mines. On T:1487 you reached level 3 of The Gnomish Mines. On T:1646 you reached level 4 of The Gnomish Mines. On T:1815 you advanced to experience level 4. Score breakdown: Gold: 0 ( 0 points) Experience: 4 levels ( 9649 points) Exploration: 8 levels ( 16.00%) (11338 points) Discoveries: 4 items ( 1.36%) ( 3499 points) Valuables value: (no points given unless you survive) Artifact value: 0 ( 0 points) Variety of kills: 19 monsters ( 4.96%) ( 6681 points) Turncount: 2042 turns ( -31 points) Survival: died (score multiplied by 80%) Total score: 24908 Latest messages: The monkey hits! The monkey tries to take your murky potion but gives up. The monkey bites! You miss the monkey. You hear crashing rock. The monkey hits! The monkey tries to grab your scroll labeled VENZAR BORGAVVE but gives up. The monkey misses. The elf zombie hits! You write in the dust with your fingers. The monkey turns to flee! You add to the writing in the dust with your fingers. The elf zombie turns to flee! You add to the writing in the dust with your fingers. (2x) The elf zombie turns to flee! You hear someone cursing shoplifters. You add to the writing in the dust with your fingers. (2x) You hear some noises nearby. You hear crashing rock. The kobold shaman casts a spell! The force bolt hits you! You die... Final status: Goodbye noty the Healer, killed by a kobold shaman's force bolt... You died in The Gnomish Mines on dungeon level 7 with 24908 points, and 581 pieces of gold, after 2042 moves. You were level 4 with a maximum of 41 hit points when you died.